 Dungeon Crawl Stone Soup version 0.23.0-3-gf3c87f2 (webtiles) character file.

Game seed: 13748487858871202259

350 Lanoc the Slasher (level 6, -2/44 HPs)
             Began as an Octopode Chaos Knight on Feb 22, 2019.
             Was a Plaything of Xom.
             Slain by a gnoll
             ... wielding a +0 flail
              (13 damage)
             ... on level 4 of the Dungeon.
             The game lasted 00:03:46 (2058 turns).

Lanoc the Slasher (Octopode Chaos Knight)           Turns: 2058, Time: 00:03:47

Health: -2/44      AC:  1    Str: 14    XL:     6   Next: 61%
Magic:  6/6        EV: 14    Int: 14    God:    Xom [.....*]
Gold:   59         SH:  0    Dex: 11    Spells: 5/5 levels left

rFire    + . .     SeeInvis .   a - +0 falchion (chaos)
rCold    . . .     Gourm    .   (no shield)
rNeg     . . .     Faith    .   (helmet restricted)
rPois    .         Spirit   .   (no amulet)
rElec    .         Reflect  .   d - ring of protection from fire
rCorr    .         Harm     .   (no ring)
MR       .....                  (no ring)
Stlth    ++........             (no ring)
HPRegen  0.14/turn              (no ring)
MPRegen  0.10/turn              (no ring)
                                (no ring)
                                (no ring)

@: no status effects
A: almost no armour, stealthy swim, amphibious, 8 rings, constrict 8, camouflage
1, gelatinous body 1
a: Renounce Religion


You were on level 4 of the Dungeon.
You worshipped Xom.
You were Xom's teddy bear.
You were hungry.

You visited 1 branch of the dungeon, and saw 4 of its levels.

You collected 59 gold pieces.

Inventory:

Hand Weapons
 a - a +0 falchion of chaos (weapon)
Jewellery
 d - a ring of protection from fire (left tentacle)
Scrolls
 c - a scroll of enchant weapon {unknown}
 e - 6 scrolls of identify {unknown}
 f - a scroll of fog {unknown}
 g - a scroll of noise {unknown}
 h - 3 scrolls of remove curse {unknown}
 j - a scroll of amnesia {unknown}
 k - 3 scrolls of teleportation {unknown}
 l - 3 scrolls of immolation {unknown}
 o - a scroll of enchant armour {unknown}
Potions
 i - 2 potions of curing {unknown}
 m - 2 potions of haste {unknown}
 n - a potion of might {unknown}
 p - a potion of degeneration {unknown}
 q - a potion of agility {unknown}
 r - a potion of lignification {unknown}
Comestibles
 b - 10 rations


   Skills:
 + Level 4.3 Fighting
 * Level 5.5 Long Blades
 + Level 3.9 Dodging


You had 5 spell levels left.
You didn't know any spells.
Your spell library contained the following spells:

 Spells                   Type           Power        Failure   Level  Hunger
 Recall                   Summ/Tloc      N/A          65%         3    ####...
 Animate Dead             Necr           N/A          96%         4    #####..
 Borgnjor's Vile Clutch   Necr/Erth      #.........   100%        5    ######.
 Death Channel            Necr           #.........   100%        6    #######
 Simulacrum               Ice/Necr       #.........   100%        6    #######


Dungeon Overview and Level Annotations

Branches:
Dungeon (4/15)
 Temple: D:4-7

Altars:
Kikubaaqudgha
Xom


Innate Abilities, Weirdness & Mutations

You cannot wear most types of armour.
You are very stealthy in the water. (Stealth+)
You are amphibious.
You can wear up to eight rings at the same time.
You can use your tentacles to constrict eight enemies at once.
Your skin changes colour to match your surroundings (Stealth+).
Your rubbery body absorbs attacks. (AC +1, EV +1)


Message History

Your tentacles burn!
The jelly is moderately wounded.
The jelly closely misses you. The gnoll closely misses you.
You hit the jelly.
The jelly seems to slow down.
Your tentacles burn!
You squeeze the jelly.
The jelly is severely wounded.
You hit the jelly. Lightning courses through the jelly!
You kill the jelly!
The gnoll returns to its original shape as it dies.
The gnoll hits you with a +0 flail!
* * * LOW HITPOINT WARNING * * *
You hit the gnoll but do no damage. You grab the gnoll.
You constrict the gnoll. The gnoll barely misses you.
You completely miss the gnoll. You squeeze the gnoll.
The gnoll is moderately wounded.
You constrict the gnoll. The gnoll misses you.
You hit the gnoll.
The gnoll is severely wounded.
You constrict the gnoll. The gnoll hits you with a +0 flail!
You die...

#####.# #...#.### #...#...
####...#..# ##.........#
...........###g.#
#..........g.g..
####...#g#####.#
#...#)@.....#.
#...#########.. ##
##..##### #...######.
#.......# #..........
#.....#.#####...##.##.. #
#....##................
.........................
..#..#..#.................
. ##.#..#..#####...##.##..


You could see a gnoll.

Vanquished Creatures
  The ghost of ferdilos the Sneak, an amateur KoEn (D:3)
  A bullfrog (D:3)
  A jelly (D:4)
  An orc wizard (D:3)
  Jessica (D:3)
  A gnoll (D:4)
  6 adders
  3 worms (D:2)
  A dart slug (D:2)
  7 orcs (D:3)
  5 bats
  4 giant cockroaches
  9 goblins
  4 hobgoblins
  4 jackals (D:2)
  4 frilled lizards
  4 kobolds
  3 rats
60 creatures vanquished.

Notes
Turn   | Place    | Note
-------+----------+-------------------------------------------
     0 | D:1      | Lanoc the Octopode Chaos Knight began the quest for the
                  | Orb.
     0 | D:1      | Reached XP level 1. HP: 16/16 MP: 1/1
    60 | D:1      | XOM: harmless Hex miscast
   210 | D:1      | Reached XP level 2. HP: 21/21 MP: 2/2
   266 | D:1      | XOM: harmless Ice miscast
   459 | D:1      | XOM: 1-stop teleportation journey
   640 | D:2      | Found an ancient bone altar of Kikubaaqudgha.
   749 | D:2      | Reached XP level 3. HP: 24/26 MP: 3/3
   817 | D:2      | XOM: scenery: create altars
   824 | D:2      | Reached skill level 4 in Long Blades
   824 | D:2      | Reached XP level 4. HP: 17/31 MP: 4/4
  1318 | D:3      | XOM: stealth player
  1379 | D:3      | XOM: scenery: create altars
  1412 | D:3      | Reached XP level 5. HP: 35/37 MP: 5/5
  1469 | D:3      | Found a runed translucent door.
  1497 | D:3      | Noticed Jessica
  1504 | D:3      | Killed Jessica
  1693 | D:3      | Noticed ferdilos's ghost (amateur KoEn)
  1698 | D:3      | Reached skill level 5 in Long Blades
  1702 | D:3      | Reached XP level 6. HP: 23/43 MP: 6/6
  1709 | D:3      | Killed ferdilos's ghost
  1811 | D:3      | XOM: god gift: book of Unlife
  2058 | D:4      | Slain by a gnoll

Skill      XL: |  1  2  3  4  5 |
---------------+----------------+-----
Long Blades    | 4 5 |  5.5
Dodging        | 3 |  3.9
Fighting       | 4 |  4.3

Action                   |  1- 3 |  4- 6 || total
-------------------------+-------+-------++-------
Melee: Falchion          |    41 |    76 ||   117
       Constrict         |    14 |    22 ||    36
       Tentacles         |     9 |    14 ||    23
 Stab: Sleeping          |     6 |     3 ||     9
       Paralysed         |     1 |     2 ||     3
  Eat: Chunk             |       |     3 ||     3
Armor: Skin              |     4 |     4 ||     8
Dodge: Dodged            |    26 |    42 ||    68
       Rpst.: Falchion   |     8 |    10 ||    18
